 Dungeon Crawl Stone Soup version 0.32-a0-791-gfc315c9ecd (webtiles) character file.

Game seed: 10888300478036985981

814 Hubris850 the Chopper (level 7, -12/94 HPs)
             Began as a Minotaur Berserker on Mar 20, 2024.
             Was a Priest of Trog.
             Mangled by Duvessa
             ... wielding a +0 rapier
              (17 damage)
             ... on level 5 of the Dungeon.
             The game lasted 00:09:01 (2737 turns).

Hubris850 the Chopper (Minotaur Berserker)          Turns: 2737, Time: 00:09:02

Health: -12/94     AC: 12    Str: 23    XL:     7   Next: 62%
Magic:  6/6        EV:  9    Int:  4    God:    Trog [***...]
Gold:   139        SH:  0    Dex: 10    Spells: 6/6 levels left

rFire   . . .        a - +0 hand axe
rCold   . . .        (no shield)
rNeg    . . .        e - +0 chain mail
rPois   .            (helmet restricted)
rElec   .            (no cloak)
rCorr   .            o - +0 pair of gloves
SInv    .            d - +0 pair of boots
Will    .....        (no amulet) Stlth
                     (no ring)
HPRegen 0.35/turn    (no ring)
MPRegen 0.10/turn

%: no passive effects
@: berserking, very quick
A: horns 2, retaliatory headbutt
a: Renounce Religion, Berserk, Trog's Hand


You were on level 5 of the Dungeon.
You worshipped Trog.
Trog was most pleased with you.
You visited 1 branch of the dungeon, and saw 5 of its levels.

You collected 139 gold pieces.

Inventory:

Hand Weapons
 a - a +0 hand axe (weapon)
Missiles
 q - 4 poisoned darts (quivered)
Armour
 b - a +0 animal skin
 d - a +0 pair of boots (worn)
 e - a +0 chain mail (worn)
 o - a +0 pair of gloves (worn)
 x - a +0 plate armour
Jewellery
 j - a +6 ring of intelligence
Talismans
 r - a maw talisman
Wands
 p - a wand of digging (6)
Scrolls
 f - 2 scrolls of brand weapon {unknown}
 g - 3 scrolls of immolation {unknown}
 n - a scroll of amnesia {unknown}
 s - a scroll of silence {unknown}
 t - a scroll of blinking {unknown}
 w - a scroll of fear {unknown}
 y - a scroll of teleportation {unknown}
Potions
 c - a potion of magic {unknown}
 h - 4 potions of heal wounds {unknown}
 i - a potion of might {unknown}
 k - a potion of attraction {unknown}
 l - 2 potions of curing {unknown}
 m - a potion of invisibility {unknown}
 u - a potion of enlightenment {unknown}
 v - 2 potions of mutation {unknown}


   Skills:
 + Level 6.2 Fighting
 + Level 6.3 Axes
 + Level 5.6 Armour
 + Level 5.1 Dodging


You had 6 spell levels left.
You didn't know any spells.
Your spell library was empty.

Dungeon Overview and Level Annotations

Branches:
Dungeon (6/15)
 Temple: D:4-7

Altars:
Gozag
Makhleb

Shops:
D:5 [

Annotations:
D:5 Duvessa


Innate Abilities, Weirdness & Mutations

You have a pair of horns on your head.
You reflexively headbutt those who attack you in melee.


Message History

You hit Duvessa.
Duvessa is moderately wounded.
Duvessa barely misses you.
You barely miss Duvessa.
Duvessa is moderately wounded.
Duvessa hits you with a +0 rapier! Duvessa hits you with a +0 rapier.
You closely miss Duvessa. You headbutt Duvessa!
Duvessa is moderately wounded.
Duvessa hits you but does no damage.
You barely miss Duvessa.
Duvessa is moderately wounded.
Duvessa hits you but does no damage. Duvessa hits you with a +0 rapier!
You hit Duvessa.
Duvessa is heavily wounded.
Duvessa looks more healthy.
Duvessa hits you but does no damage.
You hit Duvessa but do no damage.
Duvessa is heavily wounded.
Duvessa hits you with a +0 rapier! Duvessa hits you with a +0 rapier.
You hit Duvessa but do no damage.
Duvessa is heavily wounded.
Duvessa hits you with a +0 rapier!
* * * LOW HITPOINT WARNING * * *
You hit Duvessa but do no damage.
Duvessa is heavily wounded.
Duvessa barely misses you. You furiously retaliate!
You headbutt Duvessa.
A red film seems to cover your vision as you go berserk!
You feel yourself moving faster!
You feel mighty! Duvessa hits you but does no damage.
Duvessa hits you with a +0 rapier.
* * * LOW HITPOINT WARNING * * *
You slash Duvessa!
Duvessa is severely wounded.
Duvessa hits you but does no damage.
You barely miss Duvessa.
Duvessa is severely wounded.
Duvessa hits you with a +0 rapier!
* * * LOW HITPOINT WARNING * * *
You slice Duvessa!! Your headbutt misses Duvessa.
Duvessa is almost dead.
Duvessa hits you with a +0 rapier!
You die...

.##.....# .##.....# +#
..[# .##.....##..##
##...## ......).'..r..
......# .##..)..#.....
.|....# .##.....######
#....#
........##....###....####
........#.......#........
#####...##....(e@.......≈
#####'###########...###+
........##...####...#
........#)..........#
........'.).........#
#####################


You could see Duvessa (berserk).

Vanquished Creatures
  Edmund (D:5)
  An ice beast (D:6)
  An ogre (D:5)
  A centaur (D:6)
  A scorpion (D:5)
  Dowan (D:5)
  A bombardier beetle (D:5)
  2 hounds
  2 sleepcaps (D:6)
  Robin (D:2)
  3 gnolls (D:5)
  3 adders (D:2)
  2 shadow imps (D:6)
  2 ufetubi (D:3)
  2 ribbon worms (D:2)
  3 dart slugs
  5 orcs
  4 endoplasms
  2 giant cockroaches
  7 hobgoblins
  7 kobolds
  5 quokkas
  6 ball pythons
  3 bats
  2 frilled lizards
  18 goblins
  7 rats
93 creatures vanquished.

Notes
Turn   | Place    | Note
-------+----------+-------------------------------------------
     0 | D:1      | Hubris850 the Minotaur Berserker began the quest for the
                  | Orb.
     0 | D:1      | Reached XP level 1. HP: 19/19 MP: 0/0
   113 | D:1      | Reached XP level 2. HP: 25/27 MP: 1/1
   568 | D:2      | Reached XP level 3. HP: 18/33 MP: 2/2
   654 | D:2      | Noticed Robin
   667 | D:2      | Reached ** piety under Trog
   670 | D:2      | HP: 1/28 [hobgoblin[Robin] (1)]
   787 | D:2      | Killed Robin
   925 | D:2      | Reached XP level 4. HP: 22/37 MP: 3/3
  1933 | D:3      | Found a faded altar of an unknown god.
  1959 | D:3      | Reached XP level 5. HP: 45/47 MP: 4/4
  1961 | D:3      | Reached *** piety under Trog
  2207 | D:3      | Found a burning altar of Makhleb.
  2252 | D:3      | You fall into a shaft and drop 3 floors!
  2283 | D:6      | Noticed an ice beast
  2299 | D:6      | Killed an ice beast
  2300 | D:6      | Reached skill level 5 in Fighting
  2300 | D:6      | Reached skill level 5 in Axes
  2300 | D:6      | Reached XP level 6. HP: 56/56 MP: 5/5
  2456 | D:5      | Entered Level 5 of the Dungeon
  2485 | D:5      | Found an opulent altar of Gozag.
  2497 | D:5      | Reached skill level 5 in Armour
  2497 | D:5      | Reached XP level 7. HP: 59/62 MP: 6/6
  2585 | D:5      | Found Oghoeriaps's Antique Armour Emporium.
  2602 | D:5      | Noticed Edmund
  2613 | D:5      | Killed Edmund
  2614 | D:5      | Reached skill level 5 in Dodging
  2697 | D:5      | Noticed Dowan
  2709 | D:5      | Killed Dowan
  2722 | D:5      | Noticed Duvessa
  2737 | D:5      | Mangled by Duvessa

Illustrated notes

Levels and vault maps discovered:
D:1:      sevenhm_arrival_forest_fort_large_2, layout_basic
D:2:      layout_rooms, uniq_robin
D:3:      layout_basic, lightli_temple_of_fire, nicolae_ecumenical_lake_church
D:5:      layout_gridville, lemuel_doored_altar, kennysheep_mini_moat,
          lemuel_tele_altar, serial_shops, shop, uniq_duvessa, uniq_edmund,
          uniq_sigmund
D:6:      layout_rooms, minmay_temple_entry_offerings, uniq_grinder

Skill      XL: |  1  2  3  4  5  6  7 |
---------------+----------------------+-----
Fighting       | 4 5 6 |  6.2
Axes           | 4 5 6 |  6.3
Armour         | 3 4 5 |  5.6
Dodging        | 3 4 5 |  5.1

Action                     |  1- 3 |  4- 6 |  7- 9 || total
---------------------------+-------+-------+-------++-------
  Melee: Hand axe          |    80 |   129 |    48 ||   257
         Headbutt          |    12 |    31 |     9 ||    52
  Throw: Dart              |       |       |    10 ||    10
 Invoke: Berserk           |       |     1 |     1 ||     2
 Armour: Animal skin       |     6 |       |       ||     6
         Chain mail        |    92 |   116 |    36 ||   244
  Dodge: Dodged            |    50 |    61 |    24 ||   135

Table legend: (Time is in decaauts)
 A = Elapsed time spent in this place.
 B = Non-inter-level travel time spent in this place.
 C = Inter-level travel time spent in this place.
 D = Time resting spent in this place.
 E = Time spent auto-exploring this place.
 F = Levels seen in this place.
 G = Mean time per level.
                   A        B        C        D        E       F      G
               +--------+--------+--------+--------+--------+-----+--------+
         Total |   2769 |   2742 |     27 |    262 |   1735 |   5 |  553.8 |
       Dungeon |   2769 |   2742 |     27 |    262 |   1735 |   5 |  553.8 |
               +--------+--------+--------+--------+--------+-----+--------+

Top non-repeatable levels by time:
     D:3: 898 daAuts
     D:2: 725 daAuts
     D:1: 645 daAuts
     D:5: 280 daAuts
     D:6: 220 daAuts
